 Dungeon Crawl Stone Soup version 0.31-a0-360-gb3e1d13bf4 (webtiles) character file.

Game seed: 6542355345576458758

2610 pokeman the Thaumaturge (level 9, -8/49 HPs)
             Began as a Deep Elf Hedge Wizard on July 26, 2023.
             Was a Follower of Vehumet.
             Killed by the air
             ... invoked by Gastronok
              (30 damage)
             ... on level 8 of the Dungeon.
             The game lasted 00:15:17 (7870 turns).

pokeman the Thaumaturge (Deep Elf Hedge Wizard)     Turns: 7870, Time: 00:15:18

Health: -8/49      AC: 13    Str:  7    XL:     9   Next: 34%
Magic:  3/26       EV: 13    Int: 24    God:    Vehumet [*.....]
Gold:   283        SH:  0    Dex: 19    Spells: 17/30 levels left

rFire   + + .        F - +10 falchion of Emmiam {vamp, rF+}
rCold   . . .        (no shield)
rNeg    . . .        L - +2 robe of Ashenzari's Anger {rF+ Dex+5}
rPois   .            c - +0 hat
rElec   .            C - +0 cloak
rCorr   .            (no gloves)
SInv    .            (no boots)
Will    .....        (no amulet)
Stlth   +++          h - +4 ring of protection
HPRegen 0.28/turn    n - +4 ring of protection
MPRegen 0.20/turn

%: no passive effects
@: no status effects
A: no striking features
a: Renounce Religion


You were on level 8 of the Dungeon.
You worshipped Vehumet.
Vehumet was aware of your devotion.
You visited 1 branch of the dungeon, and saw 8 of its levels.

You collected 283 gold pieces.

Inventory:

Hand Weapons
 B - a +4 quarterstaff of chaos
 F - the +10 falchion of Emmiam (weapon) {vamp, rF+}
   (You found it on level 6 of the Dungeon)

   rF:        It protects you from fire.
 M - the +2 triple sword of Wirphud {flame, Fly Dex+5}
   (You found it on level 8 of the Dungeon)

   Dex:       It affects your dexterity (+5).
   Fly:       It grants you flight.
Armour
 c - a +0 hat (worn)
 q - a +3 ring mail of positive energy
 w - a +0 buckler
 C - a +0 cloak (worn)
 K - +0 acid dragon scales
 L - the +2 robe of Ashenzari's Anger (worn) {rF+ Dex+5}
   (You found it on level 7 of the Dungeon)

   Dex:       It affects your dexterity (+5).
   rF:        It protects you from fire.
Jewellery
 f - a ring of resist corrosion
 g - a ring of protection from cold
 h - a +4 ring of protection (left hand)
 n - a +4 ring of protection (right hand)
 E - a +6 ring of dexterity
Wands
 u - a wand of flame (16)
 x - a wand of polymorph (5)
Scrolls
 a - a scroll of amnesia {unknown}
 b - 3 scrolls of immolation {unknown}
 e - 2 scrolls of revelation {unknown}
 k - 4 scrolls of blinking {unknown}
 l - 2 scrolls of noise {unknown}
 m - 3 scrolls of teleportation {unknown}
 o - 5 scrolls of identify {unknown}
 p - 2 scrolls of fear {unknown}
 r - a scroll of brand weapon {unknown}
 s - 3 scrolls of poison {unknown}
 y - a scroll of butterflies {unknown}
 G - a scroll of vulnerability {unknown}
 H - a scroll of silence {unknown}
 I - a scroll of enchant armour {unknown}
Potions
 d - 2 potions of magic
 i - 2 potions of haste {unknown}
 j - a potion of attraction {unknown}
 t - a potion of invisibility {unknown}
 v - 3 potions of curing {unknown}
 z - a potion of heal wounds {unknown}
 A - a potion of enlightenment {unknown}
 D - a potion of degeneration {unknown}
 J - a potion of mutation {unknown}


   Skills:
 + Level 2.8 Fighting
 - Level 2.0 Armour
 - Level 3.2 Dodging
 - Level 3.0 Stealth
 - Level 2.1 Shields
 * Level 11.3 Spellcasting
 + Level 6.2 Conjurations
 - Level 1.1 Summonings
 - Level 1.1 Translocations
 + Level 5.2 Fire Magic
 - Level 1.0 Air Magic
 - Level 1.0 Poison Magic
 - Level 1.1 Evocations


You had 17 spell levels left.
You knew the following spells:

 Your Spells              Type           Power      Damage    Failure   Level
a - Magic Dart            Conj           100%       1d8       1%          1
b - Mephitic Cloud        Conj/Pois/Air  26%        N/A       4%          3
c - Call Imp              Summ           36%        N/A       4%          2
d - Blink                 Tloc           36%        N/A       4%          2
e - Foxfire               Conj/Fire      100%       2x1d9     1%          1
f - Flame Wave            Conj/Fire      41%        2d11      4%          4

Your spell library contained the following spells:

 Spells                   Type           Power      Damage    Failure   Level
 Scorch                   Fire           76%        2d8       1%          2
 Slow                     Hex            52%        N/A       4%          1
 Cigotuvi's Dreadful Rot  Necr/Pois/Air  32%        N/A       5%          2
 Gell's Gravitas          Tloc           18%        N/A       9%          3
 Teleport Other           Tloc           18%        N/A       9%          3
 Fulminant Prism          Conj/Hex       14%        3d8       13%         4
 Tukima's Dance           Hex            13%        N/A       14%         3
 Manifold Assault         Tloc           18%        N/A       28%         4
 Passage of Golubria      Tloc           18%        N/A       28%         4
 Cause Fear               Hex            6%         N/A       41%         4
 Yara's Violent Unravell  Hex/Tmut       6%         3d5       77%         5
 Dispersal                Tloc           9%         N/A       99%         6
 Summon Cactus Giant      Summ           9%         N/A       99%         6
 Ignition                 Fire           19%        3d7       100%        8


Dungeon Overview and Level Annotations

Branches:
Dungeon (8/15)             Temple (0/1) D:7
   Lair: D:8-11

Altars:
Fedhas
Kikubaaqudgha
Okawaru
Sif Muna
Uskayaw
Vehumet
Wu Jian
Yredelemnul
The Shining One

Annotations:
D:5 Books behind glass
D:8 Gastronok


Message History

Unknown command.
Casting: Foxfire (safe; 1% risk of failure)
Confirm with . or Enter, or press ? or * to list all spells.
You conjure some foxfire!
The foxfire hits Gastronok.
Gastronok is almost dead.
The foxfire hits Gastronok.
Gastronok is almost dead.
Unknown command.
Casting: Foxfire (safe; 1% risk of failure)
Confirm with . or Enter, or press ? or * to list all spells.
You conjure some foxfire!
The foxfire hits the rat.
You kill the rat!
The rat's corpse disappears in a puff of smoke!
The foxfire hits Gastronok!
Gastronok is almost dead.
Casting: Foxfire (safe; 1% risk of failure)
Confirm with . or Enter, or press ? or * to list all spells.
You conjure some foxfire!
The foxfire hits Gastronok but does no damage.
Gastronok is almost dead.
The foxfire hits Gastronok but does no damage.
Gastronok is almost dead.
Gastronok chants a spell, wobbling all the while.
Gastronok puts on a burst of speed!
Casting: Foxfire (safe; 1% risk of failure)
Confirm with . or Enter, or press ? or * to list all spells.
You conjure some foxfire!
The foxfire hits Gastronok.
Gastronok is almost dead.
The foxfire hits Gastronok.
Gastronok is almost dead.
Unknown command.
Casting: Foxfire (safe; 1% risk of failure)
Confirm with . or Enter, or press ? or * to list all spells.
You conjure some foxfire!
The foxfire hits Gastronok but does no damage.
Gastronok is almost dead.
Gastronok waves his eye-stalks in wide circles.
The air twists around and strikes you!!
Ouch! That really hurt!
You die...

#....### ####)..#
###.# ####.#
###...w##
#.....v.#
#..[..§.#
#....v§§#
#....v@§#
#....§.§#
###.##############
#......#.......#
####.###.......#
#.# #.......# #.#
#.......#
####'###.......#
#.....##.......#


You could see Gastronok (swift, ally target).

Vanquished Creatures
  Maggie (D:7)
  A steam dragon (D:8)
  A water moccasin (D:7)
  An ice beast (D:7)
  4 sky beasts (D:7)
  A black bear (D:5)
  An ogre (D:6)
  4 phantoms
  A bullfrog (D:7)
  3 scorpions
  4 wights (D:6)
  4 howler monkeys
  2 orc priests
  4 hounds (D:5)
  Crazy Yiuf (D:5)
  2 sleepcaps
  2 iguanas
  An orc wizard (D:7)
  2 gnolls (D:3)
  7 adders
  A shadow imp (D:5)
  2 white imps
  An ufetubus (D:4)
  4 worms
  3 dart slugs
  16 orcs
  5 endoplasms
  2 giant cockroaches
  2 goblins (D:2)
  7 hobgoblins
  10 jackals
  4 quokkas
  5 ball pythons
  3 bats
  2 frilled lizards
  2 kobolds
  2 rats
118 creatures vanquished.

Vanquished Creatures (collateral kills)
  An orc (D:3)
1 creature vanquished.

Vanquished Creatures (others)
  172 foxfires
172 creatures vanquished.

Grand Total: 291 creatures vanquished

Notes
Turn   | Place    | Note
-------+----------+-------------------------------------------
     0 | D:1      | pokeman the Deep Elf Hedge Wizard began the quest for the
                  | Orb.
     0 | D:1      | Reached XP level 1. HP: 10/10 MP: 7/7
     3 | D:1      | Noticed an electric eel
     4 | D:1      | Noticed an electric eel
   203 | D:1      | Found a faded altar of an unknown god.
   973 | D:2      | Reached XP level 2. HP: 15/15 MP: 0/9
  1183 | D:2      | You fall into a shaft and drop 1 floor!
  1258 | D:3      | Found an iron altar of Okawaru.
  1265 | D:3      | Reached skill level 5 in Spellcasting
  1382 | D:3      | Reached XP level 3. HP: 20/20 MP: 7/11
  1388 | D:3      | Learned a level 3 spell: Mephitic Cloud
  1391 | D:3      | Learned a level 2 spell: Call Imp
  1394 | D:3      | Learned a level 2 spell: Blink
  1500 | D:3      | Reached skill level 1 in Fighting
  1636 | D:3      | Reached skill level 1 in Armour
  1728 | D:2      | Found a hide-covered altar of Uskayaw.
  1734 | D:2      | Reached XP level 4. HP: 25/25 MP: 6/13
  2603 | D:3      | Got the Folio of Malediction and Flames
  2984 | D:4      | Found a glowing golden altar of the Shining One.
  2994 | D:4      | Noticed a phantom
  3016 | D:4      | Killed a phantom
  3017 | D:4      | Reached skill level 6 in Spellcasting
  3017 | D:4      | Reached skill level 1 in Poison Magic
  3017 | D:4      | Reached XP level 5. HP: 8/29 MP: 0/15
  3179 | D:4      | Learned a level 4 spell: Flame Wave
  3387 | D:4      | Found a radiant altar of Vehumet.
  3398 | D:4      | Became a worshipper of Vehumet
  3549 | D:4      | Found an ornate altar of the Wu Jian Council.
  4106 | D:5      | Entered Level 5 of the Dungeon
  4209 | D:5      | Reached XP level 6. HP: 25/34 MP: 2/17
  4394 | D:5      | Reached skill level 7 in Spellcasting
  4394 | D:5      | Reached skill level 1 in Fire Magic
  4394 | D:5      | Reached skill level 1 in Air Magic
  4510 | D:5      | Found a blossoming altar of Fedhas.
  4511 | D:5      | Found an ancient bone altar of Kikubaaqudgha.
  4582 | D:5      | Found a shimmering blue altar of Sif Muna.
  4657 | D:5      | Reached skill level 1 in Shields
  4780 | D:5      | Reached skill level 1 in Evocations
  4780 | D:5      | Reached XP level 7. HP: 36/38 MP: 13/20
  5116 | D:5      | Reached skill level 8 in Spellcasting
  5252 | D:5      | Found a runed translucent door.
  5253 | D:5      | Noticed Crazy Yiuf
  5270 | D:5      | Killed Crazy Yiuf
  5393 | D:5      | Found a basalt altar of Yredelemnul.
  5680 | D:6      | Reached * piety under Vehumet
  5680 | D:6      | Offered knowledge of Foxfire by Vehumet.
  5681 | D:6      | Reached XP level 8. HP: 21/43 MP: 8/22
  5683 | D:6      | Learned a level 1 spell: Foxfire
  6110 | D:6      | Reached skill level 9 in Spellcasting
  6375 | D:6      | Identified the +10 falchion of Emmiam {vamp, rF+}
  6581 | D:6      | Found a hide-covered altar of Uskayaw.
  6783 | D:7      | Reached skill level 5 in Conjurations
  6795 | D:7      | Reached skill level 10 in Spellcasting
  7052 | D:7      | Found a staircase to the Ecumenical Temple.
  7196 | D:7      | Noticed Maggie
  7256 | D:7      | Killed Maggie
  7257 | D:7      | Reached XP level 9. HP: 44/49 MP: 11/25
  7262 | D:7      | Identified the +2 robe of Ashenzari's Anger {rF+ Dex+5}
  7407 | D:7      | Reached skill level 11 in Spellcasting
  7407 | D:7      | Reached skill level 5 in Fire Magic
  7754 | D:8      | Identified the +2 triple sword of Wirphud {flame, Fly
                  | Dex+5}
  7818 | D:8      | Noticed Gastronok
  7870 | D:8      | Killed from afar by Gastronok

Illustrated notes

Levels and vault maps discovered:
D:1:      arrival_aquarium_b, layout_loops_corners,
          chequers_ecumenical_altar_simple, dreamdust_princess_bridge
D:2:      layout_rooms, basic_altar
D:3:      layout_basic, okawaru_trees_2, st_stairs_1,
          chequers_serial_rivers_room_b, minmay_crystal_room
D:4:      layout_basic, mainiacjoe_overflow_24_doors, general_overflow_altar,
          vehumet_altar_wand_db
D:5:      layout_rooms, nicolae_sif_muna_little_library,
          grunt_temple_overflow_growth_and_decay, mainiacjoe_overflow_chevrons,
          minmay_tree_intersection, kennysheep_generic_room_13,
          uniq_crazy_yiuf_cottage
D:6:      layout_loops_corners, nicolae_uskayaw_suspiria,
          kennysheep_generic_room_3
D:7:      layout_basic, minmay_temple_entry_wispy, grunt_ministairs_7,
          bh_walls_and_bars, uniq_maggie
D:8:      layout_basic, gammafunk_ghost_necromancy, minmay_circle_x,
          uniq_gastronok

Skill      XL: |  1  2  3  4  5  6  7  8  9 |
---------------+----------------------------+-----
Spellcasting   | 5 6 7 8 10 11 | 11.3
Fighting       | 1 2 |  2.8
Armour         | 1 2 |  2.0
Conjurations   | 2 3 4 5 6 |  6.2
Stealth        | 3 |  3.0
Dodging        | 3 |  3.2
Poison Magic   | 1 |  1.0
Fire Magic     | 1 3 4 5 |  5.2
Air Magic      | 1 |  1.0
Shields        | 1 2 |  2.1
Evocations     | 1 |  1.1
Summonings     | |  1.1
Translocations | |  1.1

Action                     |  1- 3 |  4- 6 |  7- 9 || total
---------------------------+-------+-------+-------++-------
  Melee: Dagger            |     1 |    69 |     7 ||    77
         Punch             |       |     1 |     1 ||     2
         Quarterstaff      |       |       |    22 ||    22
         Falchion          |       |       |    40 ||    40
   Cast: Magic Dart        |    76 |   161 |    63 ||   300
         Mephitic Cloud    |       |     7 |     6 ||    13
         Call Imp          |       |     3 |     6 ||     9
         Foxfire           |       |       |    94 ||    94
         Flame Wave        |       |       |     3 ||     3
   Stab: Sleeping          |       |     2 |       ||     2
         Confused          |       |     8 |     7 ||    15
 Armour: Robe              |     3 |    36 |     9 ||    48
         Leather armour    |       |     2 |    46 ||    48
  Dodge: Dodged            |     5 |    59 |    52 ||   116

Table legend: (Time is in decaauts)
 A = Elapsed time spent in this place.
 B = Non-inter-level travel time spent in this place.
 C = Inter-level travel time spent in this place.
 D = Time resting spent in this place.
 E = Time spent auto-exploring this place.
 F = Levels seen in this place.
 G = Mean time per level.
                   A        B        C        D        E       F      G
               +--------+--------+--------+--------+--------+-----+--------+
         Total |   7886 |   7739 |    147 |    273 |   6299 |   8 |  985.8 |
       Dungeon |   7886 |   7739 |    147 |    273 |   6299 |   8 |  985.8 |
               +--------+--------+--------+--------+--------+-----+--------+

Top non-repeatable levels by time:
     D:5: 1379 daAuts
     D:4: 1324 daAuts
     D:7: 1112 daAuts
     D:6: 1063 daAuts
     D:2: 1014 daAuts
     D:3: 941 daAuts
     D:1: 931 daAuts
     D:8: 120 daAuts
